 Dungeon Crawl Stone Soup version 0.23.2-33-g5129a83184 (webtiles) character file.

Game seed: 17178698187853929252

25 Descartes the Grasshopper (level 2, 0/15 HPs)
             Began as a Spriggan Warper on July 5, 2019.
             Slain by a bat (1 damage)
             ... on level 1 of the Dungeon.
             The game lasted 00:03:04 (1362 turns).

Descartes the Grasshopper (Spriggan Warper)         Turns: 1362, Time: 00:03:05

Health: 0/15       AC:  2    Str:  7    XL:     2   Next: 82%
Magic:  7/7        EV: 19    Int: 14    God:
Gold:   12         SH:  0    Dex: 15    Spells: 7/7 levels left

rFire    . . .     SeeInvis +   b - -3 hunting sling (curse)
rCold    . . .     Gourm    .   (shield restricted)
rNeg     + . .     Faith    .   m - +0 robe
rPois    .         Spirit   .   (helmet restricted)
rElec    .         Reflect  .   (no cloak)
rCorr    .         Harm     .   (gloves unavailable)
MR       .....                  (boots unavailable)
Stlth    +.........             (no amulet)
HPRegen  0.05/turn              h - ring of attention (curse)
MPRegen  0.10/turn              j - ring of positive energy

@: very quick
A: very small, unfitting armour, see invisible, herbivore, speed 3, slow
metabolism 2
a: no special abilities


You were on level 1 of the Dungeon.
You were not hungry.

You visited 1 branch of the dungeon, and saw 1 of its levels.

You collected 12 gold pieces.

Inventory:

Hand Weapons
 a - a +0 short sword
 b - a cursed -3 hunting sling (weapon)
Missiles
 c - 43 arrows
 e - 20 stones (quivered)
Armour
 m - a +0 robe (worn)
Jewellery
 h - a cursed ring of attention (left hand)
 j - a ring of positive energy (right hand)
Scrolls
 d - a scroll of blinking
Potions
 g - 2 potions of curing {unknown}
 k - a potion of lignification
Comestibles
 f - 2 rations


   Skills:
 + Level 1.7 Fighting
 * Level 2.5 Short Blades
 + Level 0.0(0.5) Slings
 - Level 1.0 Throwing
 * Level 4.0 Dodging
 * Level 1.7 Stealth
 * Level 3.1 Spellcasting
   Level 4.4 Translocations


You had 7 spell levels left.
You didn't know any spells.
Your spell library contained the following spells:

 Spells                   Type           Power        Failure   Level  Hunger
 Blink                    Tloc           N/A          5%          2    ##.....
 Gell's Gravitas          Tloc           ##........   11%         3    ###....
 Lesser Beckoning         Tloc           ##........   11%         3    ###....
 Teleport Other           Tloc           ##......     11%         3    ###....
 Shroud of Golubria       Chrm/Tloc      #.........   13%         2    ##.....
 Passage of Golubria      Tloc           N/A          34%         4    #####..


Dungeon Overview and Level Annotations

Branches:
Dungeon (1/15)

Altars:


Innate Abilities, Weirdness & Mutations

You are very small and have problems with some larger weapons.
You are too small for most types of armour.
You have supernaturally acute eyesight. (SInv)
You are a herbivore.
You cover ground extremely quickly.
You need to consume almost no food.


Message History

The jackal falls through a shaft!
The shaft crumbles and collapses.
The bat hits you.
* * * LOW HITPOINT WARNING * * *
The bat barely misses you. The bat barely misses you. The bat misses you.
The bat closely misses you. The bat hits you.
* * * LOW HITPOINT WARNING * * *
The bat hits you.
* * * LOW HITPOINT WARNING * * *
The bat misses you. The bat closely misses you. The bat misses you.
The bat barely misses you. The bat hits you.
* * * LOW HITPOINT WARNING * * *
The bat hits you but does no damage. The bat hits you.
You die...

##.r### #######..r #...#
#......... #..##
#......... ###..#
##......... #....#
#.........† #....#
#.......).. #....#
###..........
##..b.##.............
#...@....#...........
##..........#####..###
####............ ..##
.........######. ...#
.........# ....
.........############
(............h.##########
.........#####...........
########## ############


You could see a bat.

Vanquished Creatures
  A dart slug (D:1)
  A leopard gecko (D:1)
  A giant cockroach (D:1)
  3 goblins (D:1)
  A hobgoblin (D:1)
  3 jackals (D:1)
  2 kobolds (D:1)
  2 bats (D:1)
  3 frilled lizards (D:1)
  4 rats (D:1)
21 creatures vanquished.

Notes
Turn   | Place    | Note
-------+----------+-------------------------------------------
     0 | D:1      | Descartes the Spriggan Warper began the quest for the Orb.
     0 | D:1      | Reached XP level 1. HP: 10/10 MP: 5/5
   188 | D:1      | Reached skill level 1 in Stealth
   192 | D:1      | Reached XP level 2. HP: 4/15 MP: 6/6
  1362 | D:1      | Slain by a bat

Skill      XL: |  1  2 |
---------------+-------+-----
Stealth        | 1 |  1.7
Spellcasting   | 3 |  3.1
Dodging        | 4 |  4.0
Fighting       | |  1.7
Short Blades   | |  2.5
Throwing       | |  1.0
Translocations | |  4.4

Action                   || total
-------------------------++-------
Melee: Short sword       ||    84
       Hunting sling     ||    40
 Fire: Hunting sling     ||     1
Throw: Tomahawk          ||     5
       Throwing net      ||     2
  Use: Scroll            ||     2
Armor: Robe              ||    24
Dodge: Dodged            ||   184
